Map: Orbital Shipyard

Players

ILLBdA - Winner!

  • Race: Protoss Protoss
  • League: Diamond

블루베리매니아

  • Race: Terran Terran
  • League: Diamond

VOD

Have the link to the VOD?

Description

Time

  • Played on: Jan. 3, 2016, 9:44 p.m.
  • Length: 14:35
Show
View Real Time Build Order
Export as new Build Order

ILLBdA Protoss - Winner!

Build Orders: 1 Gate Expand, Oracle Opening 

Get SALT Encoding   

  12  0:01  Probe (Chrono Boost)  
  13  0:12  Probe (Chrono Boost)  
  14  0:21  Pylon  
  14  0:22  Probe (Chrono Boost)  
  15  0:40  Gateway, Probe (Chrono Boost)  
  16  0:46  Assimilator  
  16  0:50  Probe (Chrono Boost)  
  17  1:01  Probe (Chrono Boost)  
  19  1:11  Probe (Chrono Boost)  
  19  1:19  Nexus  
  19  1:30  Cybernetics Core  
  19  1:33  Probe (Chrono Boost)  
  20  1:44  Probe (Chrono Boost)  
  20  1:45  Assimilator  
  21  1:53  Pylon  
  21  1:54  Probe (Chrono Boost)  
  22  2:11  Adept (Chrono Boost)  
  22  2:13  Pylon  
  22  2:15  Warp Gate  
  24  2:18  Probe  
  25  2:31  Mothership Core (Chrono Boost), Probe  
  27  2:42  Probe (Chrono Boost)  
  28  2:52  Probe (Chrono Boost), Pylon  
  28  2:53  Probe (Chrono Boost)  
  30  3:02  Probe (Chrono Boost)  
  30  3:04  Probe (Chrono Boost)  
  32  3:09  Stargate  
  32  3:13  Probe (Chrono Boost)  
  32  3:15  Probe (Chrono Boost)  
  32  3:16  Stalker  
  36  3:23  Probe (Chrono Boost)  
  36  3:25  Probe (Chrono Boost)  
  39  3:34  Probe (Chrono Boost)  
  39  3:36  Probe (Chrono Boost)  
  40  3:42  Gateway  
  40  3:44  Gateway, Probe (Chrono Boost)  
  40  3:45  Gateway  
  40  3:46  Probe (Chrono Boost)  
  42  3:53  Oracle (Chrono Boost)  
  42  3:55  Probe x2  
  47  4:03  Assimilator  
  47  4:07  Probe  
  47  4:09  Assimilator  
  48  4:15  Probe  
  48  4:19  Probe  
  48  4:23  Forge  
  50  4:25  Phoenix (Chrono Boost)  
  52  4:31  Nexus  
  52  4:42  Probe  
  53  4:46  Phoenix (Chrono Boost)  
  55  4:59  Protoss Ground Armor Level 1  
  55  5:08  Phoenix (Chrono Boost)  
  55  5:09  Twilight Council  
  57  5:16  Pylon  
  57  5:18  Photon Cannon  
  57  5:20  Probe  
  58  5:24  Probe  
  59  5:30  Phoenix (Chrono Boost)  
  61  5:35  Pylon  
  61  5:43  Adept  
  61  5:44  Adept x3  
  61  5:45  Pylon  
  61  5:46  Resonating Glaives (Chrono Boost)  
  69  5:51  Phoenix  
  69  5:55  Robotics Facility  
  69  5:56  Photon Cannon  
  71  6:13  Adept x2  
  71  6:16  Probe  
  71  6:17  Gateway, Probe  
  77  6:18  Probe  
  77  6:19  Gateway  
  77  6:21  Pylon  
  77  6:23  Phoenix  
  80  6:26  Probe  
  80  6:29  Probe  
  80  6:30  Probe  
  83  6:36  Adept x2  
  83  6:37  Probe  
  88  6:41  Probe  
  89  6:48  Probe  
  89  6:52  Fleet Beacon  
  90  6:54  Stargate  
  89  7:02  Probe  
  89  7:05  Probe, Assimilator  
  91  7:11  Assimilator  
  91  7:17  Observer  
  91  7:20  Probe  
  93  7:34  Probe  
  93  7:35  Probe  
  95  7:37  Probe  
  96  7:51  Probe  
  97  7:52  Carrier (Chrono Boost)  
  97  7:53  Carrier (Chrono Boost)  
  106  8:08  Graviton Catapult (Chrono Boost)  
  106  8:12  Charge  
  106  8:16  Pylon  
  106  8:17  Pylon  
  106  8:19  Observer  
  107  8:20  Pylon  
  107  8:25  Probe  
  108  8:34  Pylon x2  
  108  8:54  Probe  
  109  8:57  Probe  
  110  9:07  Zealot x5  
  120  9:13  Pylon, Carrier (Chrono Boost)  
  132  9:18  Protoss Air Weapons Level 1 (Chrono Boost), Carrier (Chrono Boost)  
  132  9:19  Stargate  
  132  9:27  Probe  
  133  9:35  Pylon  
  133  9:39  Adept  
  135  9:50  Immortal (Chrono Boost)  
  139  9:55  Protoss Ground Armor Level 2 (Chrono Boost)  
  139  9:58  Adept  
  140  10:13  Probe  
  140  10:20  Probe  
  140  10:23  Nexus  
  140  10:25  Photon Cannon  
  140  10:26  Photon Cannon  
  140  10:27  Photon Cannon  
  147  10:29  Probe  
  147  10:30  Carrier (Chrono Boost)  
  147  10:31  Pylon  
  147  10:32  Pylon  
  147  10:33  Observer  
  147  10:34  Pylon, Photon Cannon  
  149  10:36  Pylon  
  149  10:37  Pylon, Carrier (Chrono Boost), Photon Cannon  
  159  10:45  Carrier (Chrono Boost)  
  155  10:50  Probe  
  155  10:52  Probe  
  155  10:53  Probe  
  155  10:57  Nexus  
  158  11:03  Observer, Photon Cannon  
  159  11:05  Photon Cannon  
  159  11:06  Templar Archives  
  159  11:07  Photon Cannon  
  159  11:11  Probe  
  160  11:19  Blink  
  160  11:20  Probe  
  161  11:36  Gateway  
  161  11:37  Gateway  
  161  11:39  Gateway  
  161  11:45  Robotics Bay  
  161  11:50  Carrier  
  161  11:52  Observer  
  168  11:59  Assimilator  
  168  12:02  Pylon  
  168  12:03  Assimilator  
  168  12:05  Carrier  
  168  12:06  Pylon  
  174  12:10  Psionic Storm  
  174  12:13  High Templar  
  174  12:14  High Templar  
  178  12:18  Photon Cannon  
  178  12:19  Probe  
  178  12:21  Protoss Ground Weapons Level 1 (Chrono Boost)  
  178  12:31  Probe  
  178  12:32  Probe  
  180  12:38  Probe  
  184  12:50  Zealot  
  184  12:51  Zealot x5  
  171  13:05  Carrier  
  171  13:13  Zealot  
  171  13:14  High Templar x2  
  171  13:15  Tempest  
  171  13:18  Archon  
  171  13:24  High Templar  
  171  13:25  High Templar  
  171  13:26  High Templar  
  171  13:27  High Templar  
  171  13:29  Archon  
  171  13:30  Archon  
  171  13:45  Probe  
  171  13:48  Pylon  
  171  13:51  Photon Cannon  
  171  13:52  Photon Cannon  
  171  13:54  Pylon  
  171  13:57  Pylon  
  171  14:00  Pylon  
  171  14:05  Assimilator  
  171  14:07  Assimilator  
Show
View Real Time Build Order
Export as new Build Order

블루베리매니아 Terran 

Build Orders: Reaper Expand, Mech 

Get SALT Encoding   

  12  0:01  SCV  
  13  0:13  SCV  
  14  0:17  Supply Depot  
  14  0:25  SCV  
  15  0:39  SCV  
  16  0:44  Barracks  
  16  0:46  Refinery  
  16  0:51  SCV  
  17  1:03  SCV  
  18  1:15  SCV  
  19  1:32  Reaper, Orbital Command  
  20  1:50  Supply Depot  
  20  1:56  Command Center  
  20  1:59  SCV  
  21  2:11  SCV  
  22  2:17  Factory  
  22  2:19  Refinery  
  22  2:28  Engineering Bay  
  22  2:36  SCV  
  23  2:42  Supply Depot  
  23  2:46  Marine  
  24  2:52  SCV  
  24  2:57  Bunker  
  24  2:58  Missile Turret  
  25  3:05  Missile Turret  
  25  3:08  Marine  
  25  3:11  Factory Tech Lab  
  26  3:24  Missile Turret  
  26  3:34  Siege Tank  
  29  3:35  Barracks Reactor  
  29  3:40  SCV  
  30  3:54  Missile Turret x2  
  30  4:05  Orbital Command  
  30  4:12  Siege Tank, Missile Turret  
  30  4:16  Missile Turret  
  33  4:23  SCV  
  34  4:32  SCV, Missile Turret  
  34  4:35  SCV  
  34  4:36  Marine  
  34  4:38  Marine  
  38  4:47  Missile Turret x2  
  35  5:04  Marine x2  
  35  5:05  SCV  
  38  5:07  Starport  
  38  5:09  SCV  
  38  5:11  Supply Depot  
  39  5:16  Missile Turret  
  39  5:18  SCV  
  40  5:22  Missile Turret  
  39  5:29  Siege Tank  
  39  5:33  SCV  
  39  5:34  SCV  
  44  5:36  Factory  
  44  5:44  Supply Depot  
  44  5:45  Missile Turret  
  44  5:46  SCV x2  
  44  5:49  Reaper x2  
  48  5:53  Supply Depot  
  48  6:03  Siege Tank  
  51  6:08  SCV x2  
  51  6:10  Refinery x2  
  53  6:15  Armory  
  53  6:25  Factory Tech Lab  
  53  6:26  Medivac  
  55  6:34  SCV x2  
  55  6:38  Siege Tank  
  60  6:50  SCV x2  
  62  6:56  Medivac  
  61  7:08  Starport  
  61  7:10  Starport  
  61  7:12  SCV x2, Terran Vehicle Weapons Level 1  
  63  7:18  Command Center  
  63  7:24  Command Center  
  63  7:29  Supply Depot  
  63  7:46  Hellion, Infernal Pre-Igniter  
  63  7:47  Hellion, Drilling Claws  
  63  7:50  Starport Tech Lab, Starport Reactor  
  63  7:51  Starport Tech Lab  
  67  8:01  SCV x2  
  67  8:04  Supply Depot  
  69  8:15  Factory  
  69  8:17  Factory  
  69  8:38  Missile Turret  
  69  8:45  Orbital Command  
  69  8:47  Viking  
  69  8:48  Viking x3  
  71  9:00  Factory Reactor  
  71  9:01  Factory Reactor  
  71  9:06  Orbital Command  
  71  9:22  Thor x2  
  83  9:25  Bunker  
  83  9:26  Missile Turret  
  83  9:35  SCV x3  
  86  9:38  Barracks Tech Lab  
  86  9:50  Hellbat x3  
  92  9:53  Hellbat  
  92  9:58  Missile Turret  
  93  10:10  Viking x2  
  99  10:14  Hellbat x2  
  99  10:15  Hellbat  
  99  10:17  Hellbat  
  105  10:25  SCV x3  
  105  10:27  Missile Turret  
  105  10:28  Orbital Command  
  108  10:31  Refinery  
  108  10:32  Refinery  
  108  10:39  Terran Vehicle Weapons Level 2  
  108  10:48  Thor  
  108  10:49  Thor  
  116  11:05  Hellbat x4  
  116  11:10  Viking x2  
  128  11:13  Viking  
  128  11:14  Viking  
  132  11:22  Supply Depot  
  132  11:59  Siege Tank  
  132  12:00  Siege Tank, Widow Mine x4  
  146  12:01  Viking  
  146  12:05  Supply Depot, Viking  
  150  12:14  Command Center  
  150  12:34  Widow Mine x4  
  158  12:38  Viking x3  
Tags
 
Add a new tag
Caveats
  • Supply blocks, unpowered buildings, or Contaminate may cause inaccurate times.
  • Supply counts are checked every 10 seconds.